 Dungeon Crawl Stone Soup version 0.30-a0-860-g512cf1e979 (webtiles) character file.

Game seed: 18284634651876935101

1425 qeuew the Grappler (level 8, -3/74 HPs)
             Began as a Troll Berserker on Mar 7, 2023.
             Was a Priest of Trog.
             Slain by a wight
             ... wielding a +0 scimitar
              (15 damage)
             ... on level 6 of the Dungeon.
             The game lasted 00:05:08 (3316 turns).

qeuew the Grappler (Troll Berserker)                Turns: 3316, Time: 00:05:08

Health: -3/74      AC:  4    Str: 31    XL:     8   Next: 44%
Magic:  7/7        EV: 10    Int:  1    God:    Trog [***...]
Gold:   212        SH:  0    Dex: 18    Spells: 7/7 levels left

rFire   . . .      SeeInvis .      - Unarmed
rCold   . . .      Faith    .    (no shield)
rNeg    . . .      Spirit   .    a - +0 animal skin
rPois   +          Reflect  .    (helmet restricted)
rElec   .          Rampage  .    (no cloak)
rCorr   .                        (gloves unavailable)
Will    .....                    (boots unavailable)
Stlth   ++                       (no amulet)
HPRegen 1.12/turn                e - +6 ring of dexterity
MPRegen 0.10/turn                (no ring)

@: no status effects
A: large, unfitting armour, claws 3, regeneration 1, shaggy fur 1, tough skin 1,
agile 1, poison resistance, strong 1, noise suppression
a: Renounce Religion, Berserk, Trog's Hand


You were on level 6 of the Dungeon.
You worshipped Trog.
Trog was most pleased with you.
You visited 1 branch of the dungeon, and saw 6 of its levels.

You collected 212 gold pieces.

Inventory:

Armour
 a - a +0 animal skin (worn)
Jewellery
 e - a +6 ring of dexterity (left claw)
Wands
 j - a wand of quicksilver (6)
Scrolls
 b - 2 scrolls of identify
 d - 2 scrolls of teleportation
 f - a scroll of poison
 g - a scroll of enchant weapon
 k - a scroll of fear
Potions
 c - 3 potions of curing
 h - 3 potions of haste
 i - 3 potions of flight


   Skills:
 - Level 2.4 Fighting
 - Level 2.4 Dodging
 + Level 10.9 Unarmed Combat


You had 7 spell levels left.
You didn't know any spells.
Your spell library was empty.

Dungeon Overview and Level Annotations

Branches:
Dungeon (6/15)             Temple (0/1) D:4

Altars:
Cheibriados
Fedhas
Okawaru
Trog
Uskayaw
Xom

Portals:
Abyss: D:5

Annotations:
D:5 2 transporters, NotreDorf's ghost, novice DjFE


Innate Abilities, Weirdness & Mutations

You are too large for most types of armour.
You have claws for hands.
Your natural rate of healing is unusually fast.
You are covered in fur. (AC +1)
You have tough skin. (AC +1)
You are agile. (Dex +4, Str/Int -1)
Your system is resistant to poisons. (rPois)
Your muscles are strong. (Str +4, Int/Dex -1)
You passively dampen the noise of your surroundings.


Message History

You claw the steam dragon!
You kill the steam dragon!
Trog accepts your kill.
The steam dragon scales are intact enough to wear.
You are engulfed in a cloud of scalding steam.
You claw the hound!
The hound is severely wounded.
The hound bites you.
You claw the hound!
You kill the hound!
Trog accepts your kill.
You claw the scorpion!
The scorpion is severely wounded.
The scorpion stings you but does no damage.
The hound barely misses you.
You claw the scorpion!
You kill the scorpion!
Trog accepts your kill. The hound bites you.
The bullfrog swells and bulges.
The bullfrog hits you. The black bear bites you.
The black bear closely misses you. The black bear claws you.
The gnoll barely misses you. The bullfrog hits you.
The hound bites you but does no damage. The hound bites you.
The bullfrog hits you!
The gnoll hits you from afar with a +0 halberd.
* * * LOW HITPOINT WARNING * * *
The hound attacks as you move away! The hound bites you but does no damage.
The bullfrog completely misses you. The wight hits you with a +0 scimitar.
* * * LOW HITPOINT WARNING * * *
The bullfrog hits you but does no damage.
The hound barely misses you.
There is a stone staircase leading up, spattered with blood here.
Unknown command.
The hound bites you.
* * * LOW HITPOINT WARNING * * *
The bullfrog hits you.
* * * LOW HITPOINT WARNING * * *
The gnoll barely misses you. The wight hits you with a +0 scimitar!
You die...
P

.... #. .... ...
..... .... .....
.... ......
#..####......
#.#...@hg......
#.....Fz.......
....#..h.[......
.#. #...........
...........?.
.......#.......
...>.....#.....
.........###...
....#.. .. ...


You could see a black bear, a bullfrog, a hound, a wight and a gnoll.

Vanquished Creatures
  Pikel (D:5)
  Eustachio (D:5)
  A steam dragon (D:6)
  Menkaure (D:5)
  An orc warrior (D:4)
  3 scorpions
  Crazy Yiuf (D:3)
  2 hounds
  An orc priest (D:4)
  An iguana (D:5)
  Natasha (twice) (D:3)
  An orc wizard (D:4)
  2 adders
  A worm (D:3)
  5 dart slugs
  8 orcs
  6 ball pythons
  4 endoplasms
  3 giant cockroaches (D:2)
  A goblin (D:1)
  7 hobgoblins
  5 jackals (D:1)
  7 kobolds
  2 quokkas (D:2)
  3 bats
  4 frilled lizards
  7 rats
81 creatures vanquished.

Notes
Turn   | Place    | Note
-------+----------+-------------------------------------------
     0 | D:1      | qeuew the Troll Berserker began the quest for the Orb.
     0 | D:1      | Reached XP level 1. HP: 22/22 MP: 0/0
   161 | D:1      | Reached XP level 2. HP: 29/29 MP: 1/1
   229 | D:1      | Reached skill level 4 in Unarmed Combat
   578 | D:1      | Reached XP level 3. HP: 36/36 MP: 2/2
   578 | D:1      | Reached ** piety under Trog
  1084 | D:2      | Gained mutation: Your system is resistant to poisons.
                  | (rPois) [potion of mutation]
  1084 | D:2      | Gained mutation: Your muscles are strong. (Str +4, Int/Dex
                  | -1) [potion of mutation]
  1084 | D:2      | Gained mutation: You passively dampen the noise of your
                  | surroundings. [potion of mutation]
  1084 | D:2      | Gained mutation: You are agile. (Dex +4, Str/Int -1)
                  | [potion of mutation]
  1097 | D:3      | Found a snail-covered altar of Cheibriados.
  1113 | D:3      | Found a bloodstained altar of Trog.
  1156 | D:3      | Found a faded altar of an unknown god.
  1161 | D:3      | Reached XP level 4. HP: 44/44 MP: 3/3
  1214 | D:3      | Noticed Natasha
  1223 | D:3      | Killed Natasha
  1224 | D:3      | Reached skill level 5 in Unarmed Combat
  1331 | D:3      | Found a runed translucent door.
  1332 | D:3      | Noticed Crazy Yiuf
  1606 | D:3      | Noticed Natasha
  1611 | D:3      | Killed Natasha
  1674 | D:3      | Killed Crazy Yiuf
  1675 | D:3      | Reached skill level 6 in Unarmed Combat
  1675 | D:3      | Reached XP level 5. HP: 31/50 MP: 4/4
  1779 | D:4      | Noticed an orc warrior
  1789 | D:4      | HP: 2/75 [orc warrior/+0 hand axe (9)]
  1790 | D:4      | Killed an orc warrior
  1792 | D:4      | Reached XP level 6. HP: 5/59 MP: 5/5
  1794 | D:4      | Reached skill level 7 in Unarmed Combat
  1844 | D:4      | Found a staircase to the Ecumenical Temple.
  1988 | D:4      | Found a hide-covered altar of Uskayaw.
  2227 | D:4      | Found an iron altar of Okawaru.
  2241 | D:4      | Identified the ring "Jaijinnanu" {rElec Will++ rCorr AC+4
                  | Slay-4}
  2505 | D:5      | Entered Level 5 of the Dungeon
  2506 | D:5      | Noticed Pikel
  2514 | D:5      | Killed Pikel
  2515 | D:5      | Reached skill level 9 in Unarmed Combat
  2515 | D:5      | Reached XP level 7. HP: 51/66 MP: 6/6
  2663 | D:5      | Found a shimmering altar of Xom.
  2664 | D:5      | Found a shimmering altar of Xom.
  2666 | D:5      | Found a shimmering altar of Xom.
  2669 | D:5      | Found a shimmering altar of Xom.
  2669 | D:5      | Found a shimmering altar of Xom.
  2741 | D:5      | Noticed an ancient zyme
  2791 | D:5      | Found a blossoming altar of Fedhas.
  2795 | D:5      | Reached *** piety under Trog
  2838 | D:5      | Noticed Eustachio
  2847 | D:5      | Killed Eustachio
  2848 | D:5      | Reached XP level 8. HP: 44/74 MP: 7/7
  2905 | D:5      | Found a transporter.
  2937 | D:5      | Noticed Menkaure
  2942 | D:5      | Killed Menkaure
  2943 | D:5      | Reached skill level 10 in Unarmed Combat
  3089 | D:5      | Found a transporter.
  3210 | D:5      | Found a one-way gate to the infinite horrors of the Abyss.
  3210 | D:5      | Noticed NotreDorf's ghost (novice DjFE)
  3316 | D:6      | Slain by a wight

Illustrated notes

Levels and vault maps discovered:
D:1:      minmay_arrival_up_and_down, layout_basic, minivault_25,
          minmay_tetromino_t2
D:2:      layout_basic
D:3:      layout_loops_ring, mainiacjoe_overflow_large_starburst,
          shapermc_ecumenical_altar_venn, minmay_misc_feat_diagonals,
          uniq_natasha, uniq_crazy_yiuf_cottage
D:4:      layout_loops_corners, okawaru_trees_1, lemuel_round_altar,
          minmay_temple_entry_sparse_star
D:5:      layout_loops_ring, fedhas_altar_2, xom_redecorated,
          gammafunk_ghost_abyssal_escape, uniq_pikel, uniq_menkaure,
          uniq_eustachio
D:6:      lemuel_castle_with_subvaults [lemuel_castle_interior_carwin_3],
          layout_rooms, nicolae_figureground_sparkle

Skill      XL: |  1  2  3  4  5  6  7  8 |
---------------+-------------------------+-----
Unarmed Combat | 4 6 9 10 | 10.9
Fighting       | |  2.4
Dodging        | |  2.4

Action                     |  1- 3 |  4- 6 |  7- 9 || total
---------------------------+-------+-------+-------++-------
  Melee: Unarmed           |   105 |    59 |    28 ||   192
         Punch             |     4 |     2 |     1 ||     7
 Invoke: Berserk           |       |     1 |       ||     1
         Trog's Hand       |       |     1 |       ||     1
    Use: Scroll            |     5 |     2 |     2 ||     9
         Potion            |     4 |     5 |       ||     9
   Stab: Sleeping          |     3 |       |       ||     3
 Armour: Animal skin       |    25 |    11 |    10 ||    46
  Dodge: Dodged            |    45 |    19 |    14 ||    78

Table legend: (Time is in decaauts)
 A = Elapsed time spent in this place.
 B = Non-inter-level travel time spent in this place.
 C = Inter-level travel time spent in this place.
 D = Time resting spent in this place.
 E = Time spent auto-exploring this place.
 F = Levels seen in this place.
 G = Mean time per level.
                   A        B        C        D        E       F      G
               +--------+--------+--------+--------+--------+-----+--------+
         Total |   3286 |   3158 |    128 |      0 |   2665 |   6 |  547.7 |
       Dungeon |   3286 |   3158 |    128 |      0 |   2665 |   6 |  547.7 |
               +--------+--------+--------+--------+--------+-----+--------+

Top non-repeatable levels by time:
     D:4: 802 daAuts
     D:5: 794 daAuts
     D:1: 614 daAuts
     D:3: 590 daAuts
     D:2: 474 daAuts
     D:6: 10 daAuts
